 Dungeon Crawl Stone Soup version 0.25.0-9-g26727b657a (webtiles) character file.

Game seed: 10893821520901008697

85533 gruber the Nimble (level 15, -8/129 HPs)
             Began as a Deep Dwarf Fighter on June 18, 2020.
             Was the Champion of Makhleb.
             Mangled by a skeletal warrior
             ... wielding a +0 dire flail
             ... led by a skeletal warrior
              (15 damage)
             ... on level 14 of the Dungeon.
             The game lasted 00:41:39 (21094 turns).

gruber the Nimble (Deep Dwarf Fighter)             Turns: 21094, Time: 00:41:39

Health: -8/129     AC: 18    Str: 25    XL:     15   Next: 38%
Magic:  19/19      EV: 15    Int: 13    God:    Makhleb [******]
Gold:   1445       SH: 20    Dex: 12    Spells: 12/14 levels left

rFire    + . .     SeeInvis +   K - +5 mace of the Pill Bug {vamp, Int+3}
rCold    + . .     Gourm    .   N - +2 kite shield
rNeg     + . .     Faith    .   F - +2 chain mail {rF+}
rPois    +         Spirit   .   M - +2 hat {SInv}
rElec    .         Reflect  +   E - +0 cloak
rCorr    .         Harm     .   (no gloves)
MR       ++...                  (no boots)
Stlth    ..........             I - amulet of reflection (curse)
HPRegen  0.00/turn              H - ring of poison resistance
MPRegen  0.16/turn              Y - ring of protection from cold

@: non-regenerating
A: damage resistance, heal wounds, negative energy resistance 1, sense
surroundings 2, no regeneration
a: Heal Wounds, Minor Destruction, Lesser Servant of Makhleb, Major Destruction,
Greater Servant of Makhleb, Renounce Religion


You were on level 14 of the Dungeon.
You worshipped Makhleb.
Makhleb was exalted by your worship.
You were hungry.

You visited 3 branches of the dungeon, and saw 22 of its levels.
You also visited: Ice Cave.

You collected 1613 gold pieces.
You spent 168 gold pieces at shops.

Inventory:

Hand Weapons
 B - the +8 whip "Snakebite" {curare, rPois}
   (You found it on level 1 of the Lair of Beasts)

   It poisons the flesh of those it strikes.
   It protects you from poison.
 K - the +5 mace of the Pill Bug (weapon) {vamp, Int+3}
   (You found it on level 6 of the Dungeon)

   It inflicts no extra harm, but heals its wielder when it wounds a living foe.
   It affects your intelligence (+3).
Missiles
 t - 182 poisoned darts (quivered)
 Q - 4 curare-tipped darts
Armour
 E - a +0 cloak (worn)
 F - a +2 chain mail of fire resistance (worn)
 M - a +2 hat of see invisible (worn)
 N - a +2 kite shield (worn)
Jewellery
 H - a ring of poison resistance (left hand)
 I - a cursed amulet of reflection (around neck)
 W - an uncursed ring of protection from fire
 Y - a ring of protection from cold (right hand)
Wands
 c - a wand of paralysis (11)
 o - a wand of disintegration (1)
 u - a wand of iceblast (13)
 y - a wand of random effects (36)
 z - a wand of acid (19)
 S - a wand of digging (10)
 T - a wand of flame (17)
 U - a wand of clouds (6)
 X - a wand of polymorph (15)
Scrolls
 a - 2 scrolls of amnesia {unknown}
 b - 5 scrolls of magic mapping
 g - 6 scrolls of teleportation {unknown}
 i - 4 scrolls of fog {unknown}
 j - 18 scrolls of remove curse
 l - 3 scrolls of blinking {unknown}
 m - 9 scrolls of identify
 n - 5 scrolls of noise {unknown}
 p - 5 scrolls of immolation {unknown}
 A - 3 scrolls of fear {unknown}
 G - 5 scrolls of enchant weapon {unknown}
 V - 3 scrolls of brand weapon {unknown}
 Z - a scroll of acquirement {unknown}
Potions
 d - 5 potions of might
 k - 7 potions of brilliance
 q - 4 potions of haste
 r - a potion of invisibility
 s - 3 potions of lignification
 w - 2 potions of cancellation
 x - 5 potions of berserk rage
 C - 11 potions of curing
 L - 4 potions of heal wounds
 O - 3 potions of resistance
 P - 2 potions of flight
 R - a potion of magic
Comestibles
 f - 52 rations


   Skills:
 * Level 7.0 Fighting
   Level 7.2(11.9) Axes
 - Level 13.6(14.1) Maces & Flails
 - Level 14.0 Armour
 - Level 14.0 Dodging
 - Level 13.0 Shields
 - Level 6.5 Evocations


You had 12 spell levels left.
You knew the following spells:

 Your Spells              Type           Power        Failure   Level  Hunger
a - Song of Slaying       Chrm           #.......     94%         2    ###....

Your spell library contained the following spells:

 Spells                   Type           Power        Failure   Level  Hunger
 Animate Skeleton         Necr           N/A          86%         1    ##.....
 Apportation              Tloc           #.....       86%         1    ##.....
 Corona                   Hex            #......      86%         1    ##.....
 Infusion                 Chrm           #...         86%         1    ##.....
 Magic Dart               Conj           #...         86%         1    ##.....
 Sting                    Tmut/Pois      #...         86%         1    ##.....
 Summon Small Mammal      Summ           #...         86%         1    ##.....
 Corpse Rot               Necr/Air       N/A          94%         2    ###....
 Ensorcelled Hibernation  Hex/Ice        #.....       94%         2    ###....
 Poisonous Vapours        Pois/Air       #.....       94%         2    ###....
 Searing Ray              Conj           #.....       94%         2    ###....
 Shroud of Golubria       Chrm/Tloc      #.....       94%         2    ###....
 Confusing Touch          Hex            #.......     99%         3    ####...
 Dazzling Flash           Conj/Hex       #.....       99%         3    ####...
 Ignite Poison            Fire/Tmut/Pois #.......     99%         3    ####...
 Mephitic Cloud           Conj/Pois/Air  #.......     99%         3    ####...
 Recall                   Summ/Tloc      N/A          99%         3    ####...
 Spectral Weapon          Hex/Chrm       #.......     99%         3    ####...
 Stone Arrow              Conj/Erth      #.....       99%         3    ####...
 Summon Guardian Golem    Hex/Summ       #.......     99%         3    ####...
 Tukima's Dance           Hex            #.......     99%         3    ####...
 Fulminant Prism          Conj/Hex       #.........   100%        4    #####..
 Ice Form                 Ice/Tmut       #.......     100%        4    #####..
 Iskenderun's Mystic Bla  Conj/Tloc      #.......     100%        4    #####..
 Olgreb's Toxic Radiance  Pois           #.......     100%        4    #####..
 Summon Ice Beast         Ice/Summ       #.......     100%        4    #####..
 Aura of Abjuration       Summ           #.........   100%        5    ######.
 Metabolic Englaciation   Hex/Ice        #.........   100%        5    ######.
 Summon Demon             Summ           #.........   100%        5    ######.
 Summon Forest            Summ/Tloc      #.........   100%        5    ######.
 Summon Mana Viper        Hex/Summ       #.......     100%        5    ######.
 Eringya's Noxious Bog    Tmut/Pois      #.........   100%        6    #######
 Freezing Cloud           Conj/Ice/Air   #.........   100%        6    #######
 Hydra Form               Tmut           #.........   100%        6    #######
 Ozocubu's Refrigeration  Ice            #.........   100%        6    #######
 Shadow Creatures         Summ           N/A          100%        6    #######
 Simulacrum               Ice/Necr       #.........   100%        6    #######
 Summon Hydra             Summ           #.........   100%        7    #######


Dungeon Overview and Level Annotations

Branches:
Dungeon (15/15)            Temple (1/1) D:7            Lair (6/6) D:10
 Shoals (0/4) Lair:2       Spider (0/4) Lair:4        Slime (0/5) Lair:5
    Orc (0/2) D:11         Vaults (0/5) D:13         Depths (0/5) D:15
  IceCv (visited)

Altars:
Ashenzari
Cheibriados
Dithmenos
Fedhas
Gozag
Hepliaklqana
Kikubaaqudgha
Makhleb
Nemelex Xobeh
Okawaru
Ru
Sif Muna
Trog
Uskayaw
Wu Jian
Xom
Yredelemnul
Zin
The Shining One
Beogh
Jiyva

Shops:
D:4 !

Annotations:
D:2 Sigmund
D:6 1 runed translucent door, Crazy Yiuf


Innate Abilities, Weirdness & Mutations

You are resistant to damage.
You can heal yourself by infusing magical energy.
You resist negative energy. (rN+)
You passively map the area around you.
You do not regenerate.


Message History

The skeletal warrior is lightly damaged.
You block the skeletal warrior's attack.
You hit the skeletal warrior but do no damage.
The skeletal warrior is lightly damaged.
You block the skeletal warrior's attack.
You hit the skeletal warrior but do no damage.
The skeletal warrior is lightly damaged.
You hit the skeletal warrior but do no damage.
The skeletal warrior is lightly damaged.
You block the skeletal warrior's attack.
You hit the skeletal warrior.
The skeletal warrior is lightly damaged.
The skeletal warrior hits you with a +0 dire flail!!
* * * LOW HITPOINT WARNING * * *
You hit the skeletal warrior but do no damage.
The skeletal warrior is lightly damaged.
You hit the skeletal warrior but do no damage.
The skeletal warrior is lightly damaged.
The skeletal warrior hits you with a +0 dire flail!
You die...

#.#### #.# #.°.≈≈##### #>...#
#.# #..≈≈§#.).. ####.# #.#
#..≈○≈#.)?? #.# #.# #(#°≈≈#.)")
#.# #.# #..≈≈≈#.... ######.#
#.# ##..≈≈##### #......######
#.# #.#≈≈≈≈≈≈≈
#.####......####.######..≈≈≈≈≈≈
#.# #.####..z@)...........≈≈≈≈
#.# #.# ######.#######.(#..(.
#.# #.# #.# #..###). #.#
#.#########.### #..# ##.
###.####.##..........# #..## #.
.........##.######[#.# #...# #.
##..###..##.# #.#.# ##)#.# #.
#.##
#..##.######.#.####..#.###. #.#
#..........................


You could see a skeletal warrior.

Vanquished Creatures
  A frost giant (IceCv)
  4 dire elephants (Lair:6)
  Snorg (D:14)
  A fire dragon (D:15)
  An ogre mage (D:15)
  Fannar (D:12)
  An ice dragon (D:15)
  6 hydras
  An anaconda (Lair:6)
  2 centaur warriors
  7 two-headed ogres
  10 death yaks
  Urug (D:10)
  Sonja (D:11)
  3 skeletal warriors
  2 unseen horrors
  A wizard (D:13)
  A wolf spider zombie (D:14)
  A deep elf mage (D:15)
  An orc knight (D:11)
  A wolf spider (D:15)
  9 ugly things
  4 elephants (Lair:6)
  2 cyclopes (D:13)
  11 black mambas
  An ice statue (IceCv)
  A torpor snail (Lair:5)
  A gargoyle (D:10)
  A spiny frog (shapeshifter) (D:15)
  5 rime drakes
  9 spiny frogs
  A yaktaur (D:15)
  A freezing wraith (D:15)
  12 komodo dragons
  2 trolls
  2 tengu conjurers
  Prince Ribbit (D:8)
  A hornet (D:12)
  Grinder (D:4)
  3 slime creatures (D:14)
  24 polar bears
  A meliai zombie (D:13)
  4 blink frogs (Lair:3)
  20 dream sheep
  A snapping turtle (Lair:2)
  6 hippogriffs
  3 redbacks (Lair:4)
  A shadow (D:15)
  4 wraiths
  54 yaks
  2 basilisks
  A vampire (D:13)
  6 wyverns
  2 vampire mosquitoes (D:14)
  Edmund (D:4)
  2 soldier ants
  27 water moccasins
  Duvessa (D:4)
  2 sky beasts
  5 porcupines
  A black bear (Lair:2)
  13 orc warriors
  2 phantoms
  5 ice beasts
  3 boggarts (D:14)
  8 centaurs
  10 ogres
  15 wolves (IceCv)
  7 crocodiles
  3 big kobolds
  12 bullfrogs
  Dowan (D:4)
  A wyvern zombie (D:7)
  5 scorpions
  A wyvern skeleton (D:13)
  9 killer bees
  11 wights
  A howler monkey (D:4)
  An electric eel (D:11)
  4 centaur zombies
  4 crimson imps
  A quasit (D:13)
  4 bullfrog zombies
  7 hounds
  A jelly (D:12)
  9 orc priests
  A centaur skeleton (D:6)
  Ijyb (D:4)
  9 orc wizards
  Terence (D:2)
  3 iguanas
  A killer bee zombie (D:5)
  7 worker ants
  A hound skeleton (D:5)
  A howler monkey zombie (D:11)
  A howler monkey skeleton (D:5)
  3 worker ant zombies
  8 gnolls (D:6)
  13 adders
  3 shadow imps
  4 oozes
  2 adder skeletons
  2 worms
  A dart slug (D:4)
  6 leopard geckos
  60 orcs
  11 bats
  5 giant cockroaches
  7 goblins
  7 hobgoblins
  2 jackals (D:2)
  3 quokkas
  6 frilled lizards
  A jackal skeleton (D:4)
  A jackal zombie (D:5)
  13 kobolds
  2 leopard gecko skeletons (D:4)
  A quokka zombie (D:7)
  7 rats
  A plant (Lair:6)
617 creatures vanquished.

Vanquished Creatures (others)
  A water elemental (D:14)
  2 wolves (IceCv)
  10 fungi
  16 plants
29 creatures vanquished.

Grand Total: 646 creatures vanquished

Notes
Turn   | Place    | Note
-------+----------+-------------------------------------------
     0 | D:1      | gruber the Deep Dwarf Fighter began the quest for the Orb.
     0 | D:1      | Reached XP level 1. HP: 20/20 MP: 1/1
   446 | D:1      | Reached XP level 2. HP: 25/27 MP: 2/2
   689 | D:2      | Reached XP level 3. HP: 22/33 MP: 3/3
   822 | D:2      | Found a basalt altar of Yredelemnul.
   823 | D:2      | Found a hide-covered altar of Uskayaw.
   870 | D:2      | Reached XP level 4. HP: 25/40 MP: 4/4
   994 | D:2      | Found an ancient bone altar of Kikubaaqudgha.
  1020 | D:2      | Noticed Sigmund
  1129 | D:2      | Noticed Terence
  1141 | D:2      | Reached skill level 5 in Axes
  1143 | D:2      | Killed Terence
  1291 | D:2      | Reached XP level 5. HP: 42/46 MP: 5/5
  1889 | D:3      | Found a blossoming altar of Fedhas.
  2097 | D:3      | You fall into a shaft and drop 2 floors!
  2097 | D:5      | Entered Level 5 of the Dungeon
  2147 | D:5      | Reached XP level 6. HP: 35/55 MP: 6/6
  2288 | D:5      | Reached skill level 5 in Armour
  2371 | D:5      | Reached XP level 7. HP: 29/61 MP: 7/7
  2803 | D:4      | Noticed Grinder
  2807 | D:4      | Killed Grinder
  2807 | D:4      | Reached skill level 5 in Evocations
  2843 | D:4      | Reached XP level 8. HP: 32/68 MP: 12/12
  2989 | D:4      | Noticed Edmund
  2998 | D:4      | Killed Edmund
  3148 | D:4      | Noticed Ijyb
  3155 | D:4      | Killed Ijyb
  3167 | D:4      | Found an iron altar of Okawaru.
  3185 | D:4      | Noticed Duvessa
  3191 | D:4      | Killed Duvessa
  3196 | D:4      | Noticed Dowan
  3210 | D:4      | Killed Dowan
  3289 | D:4      | Found Doerphayng's Distillery.
  3306 | D:4      | Bought a potion of curing for 42 gold pieces
  3306 | D:4      | Bought a potion of curing for 42 gold pieces
  3306 | D:4      | Bought a potion of curing for 42 gold pieces
  3306 | D:4      | Bought a potion of curing for 42 gold pieces
  3395 | D:4      | Found a shadowy altar of Dithmenos.
  3467 | D:4      | Found a bloodstained altar of Trog.
  3728 | D:6      | Gained mutation: You passively map the area around you.
                  | [Deep Dwarf growth]
  3728 | D:6      | Reached XP level 9. HP: 33/74 MP: 13/13
  3762 | D:6      | Reached skill level 10 in Armour
  3830 | D:6      | Reached skill level 1 in Dodging
  4171 | D:6      | Got a brightly glowing mace
  4172 | D:6      | Identified the +5 mace of the Pill Bug {vamp, Int+3} (You
                  | found it on level 6 of the Dungeon)
  4178 | D:6      | Found a runed translucent door.
  4179 | D:6      | Noticed Crazy Yiuf
  4568 | D:7      | Reached skill level 1 in Maces & Flails
  4699 | D:7      | Found a staircase to the Ecumenical Temple.
  4724 | Temple   | Entered the Ecumenical Temple
  4741 | Temple   | Became a worshipper of Makhleb the Destroyer
  4758 | D:7      | Identified the Almanac of Supportive Enhancements
  5346 | D:8      | Noticed Prince Ribbit
  5377 | D:8      | Killed Prince Ribbit
  5429 | D:8      | Found an ornate altar of the Wu Jian Council.
  5464 | D:8      | Found a shattered altar of Ashenzari.
  5671 | D:8      | Reached skill level 5 in Maces & Flails
  6307 | D:9      | Reached * piety under Makhleb
  6462 | D:9      | Reached XP level 10. HP: 81/81 MP: 14/14
  7038 | D:10     | Entered Level 10 of the Dungeon
  7146 | D:10     | Noticed a gargoyle
  7163 | D:10     | Killed a gargoyle
  7434 | D:10     | Found a staircase to the Lair.
  7658 | D:10     | Reached ** piety under Makhleb
  7727 | D:10     | Noticed Urug
  7743 | D:10     | Killed Urug
  7743 | D:10     | Reached skill level 10 in Maces & Flails
  8014 | D:10     | Learned a level 2 spell: Song of Slaying
  8048 | D:11     | Found a shimmering altar of Xom.
  8234 | D:11     | Noticed Sonja
  8245 | D:11     | Killed Sonja
  8254 | D:11     | Noticed a two-headed ogre
  8268 | D:11     | Killed a two-headed ogre
  8268 | D:11     | Reached XP level 11. HP: 60/88 MP: 15/15
  8345 | D:11     | Noticed a brown ugly thing
  8370 | D:11     | Killed a brown ugly thing
  8401 | D:11     | Reached *** piety under Makhleb
  8428 | D:11     | Found a staircase to the Orcish Mines.
  8468 | D:11     | Noticed an orc knight
  8520 | D:11     | Killed an orc knight
  9327 | D:12     | Noticed Fannar
  9337 | D:12     | Killed Fannar
  9404 | D:12     | Noticed a brown ugly thing
  9429 | D:12     | Killed a brown ugly thing
  9640 | D:12     | Reached skill level 5 in Shields
  9695 | D:12     | Noticed a two-headed ogre
  9707 | D:12     | Killed a two-headed ogre
  9911 | D:13     | Reached **** piety under Makhleb
  9948 | D:13     | Noticed a centaur warrior
  9952 | D:13     | Killed a centaur warrior
 10024 | D:13     | Reached XP level 12. HP: 96/96 MP: 16/16
 10064 | D:13     | Found the +5 scythe "Finisher" {speed, eviscerate}
 10300 | D:13     | Noticed a seven-headed hydra
 10301 | D:13     | Noticed a two-headed ogre
 10306 | D:13     | Killed a seven-headed hydra
 10315 | D:13     | Killed a two-headed ogre
 10361 | D:13     | Identified the +3 leather armour "Wyobej" {Str+3}
 10399 | D:13     | Noticed a two-headed ogre
 10415 | D:13     | Killed a two-headed ogre
 10415 | D:13     | Reached skill level 10 in Shields
 10901 | Lair:1   | Entered Level 1 of the Lair of Beasts
 11576 | Lair:1   | Reached ***** piety under Makhleb
 11583 | Lair:1   | Found the +8 whip "Snakebite" {curare, rPois}
 12727 | Lair:2   | Found a staircase to the Shoals.
 12959 | Lair:3   | Reached XP level 13. HP: 102/102 MP: 17/17
 13120 | Lair:3   | Reached skill level 5 in Dodging
 13925 | Lair:4   | Found a hole to the Spider Nest.
 14908 | Lair:5   | Reached skill level 10 in Dodging
 15333 | Lair:5   | Found a viscous altar of Jiyva.
 15479 | Lair:5   | Found a staircase to the Slime Pits.
 15826 | Lair:5   | Gained mutation: You resist negative energy. (rN+) [Deep
                  | Dwarf growth]
 15826 | Lair:5   | Reached XP level 14. HP: 109/109 MP: 18/18
 15919 | Lair:6   | Entered Level 6 of the Lair of Beasts
 16179 | Lair:6   | Reached ****** piety under Makhleb
 16247 | Lair:6   | Found a sacrificial altar of Ru.
 17754 | D:13     | Found a roughly hewn altar of Beogh.
 18096 | D:13     | Found a gate to the Vaults.
 18248 | D:14     | Noticed Snorg
 18265 | D:14     | Killed Snorg
 19398 | D:15     | Entered Level 15 of the Dungeon
 19748 | D:15     | Reached XP level 15. HP: 106/115 MP: 19/19
 19767 | D:15     | Found a frozen archway.
 19780 | IceCv    | Entered an ice cave
 20303 | IceCv    | Reached skill level 5 in Fighting
 20422 | IceCv    | Noticed a frost giant
 20452 | IceCv    | Killed a frost giant
 21075 | D:14     | HP: 2/128 [skeletal warrior/+0 dire flail[a skeletal
                  | warrior] (16)]
 21094 | D:14     | Mangled by a skeletal warrior

Illustrated notes

Levels and vault maps discovered:
D:1:      eino_arrival_tree_alley, layout_loops_ring, nrook_mini_vaults
D:2:      layout_basic, lemuel_coloured_pillars_altar,
          gammafunk_temple_overflow_pools, uniq_terence, uniq_sigmund
D:3:      layout_basic, fedhas_altar_fruit_tree
D:4:      layout_basic, lightli_temple_of_fire, minitemple, serial_shops, shop,
          uniq_ijyb, uniq_grinder, uniq_edmund, uniq_duvessa
D:5:      minmay_recursive_quarters, layout_rooms, first_ration
D:6:      layout_rooms, kennysheep_generic_room_12, uniq_crazy_yiuf_cottage
D:7:      layout_basic, minmay_temple_entry_sparse_star, minmay_misc_feat_x,
          grunt_ogre_cave
D:8:      layout_loops_corners, nicolae_overflow_hidden_temple,
          lemuel_crystal_altar, uniq_prince_ribbit1
D:9:      layout_irregular_city
D:10:     layout_basic, david_lair_shrubbed, minmay_unpleasant_kobolds,
          uniq_urug
D:11:     layout_small_grid, orc_david_3, basic_altar, kennysheep_crisscross,
          minmay_misc_feat_tiny, uniq_sonja
D:12:     layout_loops_ring, uniq_fannar
D:13:     layout_gridville, david_vaults_1, special_room [special_room_orc],
          minmay_guarded_unrand_finisher
D:14:     layout_loops_ring, lemuel_freeze_loot_1, uniq_snorg
D:15:     grunt_enter_depths_hoard, layout_gridville, lemuel_doored_altar,
          portal_ice_cave_rime
Temple:   zaba_magenta_temple
Lair:1:   minmay_guarded_unrand_snakebite, layout_layer_cave
Lair:2:   layout_cave_pods, minmay_shoals_entry_hut
Lair:3:   layout_cellular_growth
Lair:4:   layout_long_grid, spider_nest_entry_a
Lair:5:   cheibrodos_lair_river_kwai, layout_misc_corridors, slime_altar_1,
          beast_lair_carwin_8, lemuel_fruit_tree
Lair:6:   due_jungle_book, layout_gridlike, basic_altar,
          infiniplex_staircase_pool_2, grunt_megastairs_2

Skill      XL: |  1  2  3  4  5  6  7  8  9 10 11 12 13 14 15 |
---------------+----------------------------------------------+-----
Axes           | 3 4 5 7 |  7.2
Armour         | 5 6 9 10 13 14 | 14.0
Evocations     | 5 6 |  6.5
Dodging        | 2 3 4 12 14 | 14.0
Maces & Flails | 7 11 13 | 13.6
Shields        | 7 13 | 13.0
Fighting       | 7 |  7.0

Action                   |  1- 3 |  4- 6 |  7- 9 | 10-12 | 13-15 || total
-------------------------+-------+-------+-------+-------+-------++-------
Melee: War axe           |   106 |    43 |       |       |       ||   149
       Trident           |       |   103 |   202 |       |       ||   305
       Mace              |       |       |   164 |  1110 |  1804 ||  3078
       Whip              |       |       |       |    68 |   377 ||   445
Throw: Dart              |       |     2 |    57 |       |       ||    59
 Abil: Heal Wounds       |       |     3 |       |       |       ||     3
Evoke: Wand              |       |     2 |    37 |    25 |     5 ||    69
  Use: Potion            |       |     3 |     2 |     1 |     4 ||    10
       Scroll            |       |     1 |     1 |     2 |    13 ||    17
 Stab: Paralysed         |       |       |     5 |    31 |       ||    36
       Confused          |       |       |     1 |       |       ||     1
  Eat: Chunk             |       |     5 |    14 |    22 |    25 ||    66
       Ration            |       |       |       |       |     1 ||     1
Armor: Scale mail        |    66 |    49 |       |       |       ||   115
       Plate armour      |       |       |    39 |       |       ||    39
       Chain mail        |       |       |   119 |   325 |   396 ||   840
Dodge: Dodged            |    44 |    40 |    58 |   181 |   555 ||   878
Block: Kite shield       |    57 |    63 |   138 |   724 |  1681 ||  2663
       Reflection        |       |       |       |     9 |    13 ||    22
